← All builds
Suicide front / Cortex / Economy first / OBSERVED BUILD

Standard suicide front

Cortex Suicide front build order · Supreme Isthmus

The role's baseline economy-first play: fast Bot Lab, early Advanced Metal Extractor, and a Thug/Grunt/Aggravator mix pushed to hold the middle while teching up.

#raid #push · 1045 distinct matches · 183 players · 73% of Cortex Suicide front games · team won 57% of 1114 · Recently observed

HOW TO PLAY IT

Key timing: Bot Lab by 0:39

  1. Open 3 mex, then rush Bot Lab almost immediately.
  2. Finish Bot Lab and start pushing Thug, Grunt, Aggravator.
  3. Send units straight to middle to contest and stop leaks.
  4. Eat the Bot Lab for metal if 32% of games reach that point.
  5. Transition into Advanced Metal Extractor once middle is stable.

Phase by phase

TYPICAL OF ITS 1045 GAMES
  1. 1
  2. 2
  3. 3
PLAY THE OPENING

Follow the example game's first 6:00 step by step: what to build now, what comes next, and where it goes. At 1× it keeps pace with your own game.

  1. 1

    Up to the Bot Lab

    Economy
    • Metal Extractor2Mex
    Order
    1. Bot LabBot Lab after 2 mexdone ~0:37, middle half 0:27–0:45

    By 0:21 in all: 2 mex

    The example game in this phase · 2 steps
    1. Mex
    2. Bot LabBot Labdone 0:27 · typical 0:37
  2. 2

    Bot Lab to 5:00

    Economy
    • Metal Extractor3Mex
    • Wind Turbine2Wind
    Builders
    • Graverobber4 Graverobber
    • Construction Bot3 Con bot
    Army
    • Guard3 Guard
    • Thug16 Thug
    • Grunt3 Grunt
    Other
    • Radar Tower1 Radar Tower

    Some games also: aggravator (38%) · con turret (30%)

    By 5:00 in all: 5 mex · 3 wind

    The example game in this phase · 37 steps
    1. GraverobberGraverobber
    2. GruntGrunt ×4
    3. Wind
    4. Construction BotCon bot ×2
    5. GuardGuard
    6. Construction BotCon bot
    7. Mex ×2
    8. ThugThug ×3
    9. Mex
    10. ThugThug ×2
    11. Mex
    12. ThugThug
    13. Wind
    14. GuardGuard
    15. ThugThug
    16. Radar TowerRadar Tower
    17. ThugThug
    18. Wind
    19. GuardGuard
    20. ThugThug ×2
    21. Wind
    22. ThugThug
    23. Construction BotCon bot
    24. Wind
    25. AggravatorAggravator ×2
    26. GraverobberGraverobber
    27. Wind
    28. GraverobberGraverobber
    29. AggravatorAggravator
    30. Wind
    31. AggravatorAggravator
    32. GraverobberGraverobber ×2
    33. Wind
    34. AggravatorAggravator
    35. Twin GuardTwin Guard
    36. AggravatorAggravator ×2
    37. Wind
  3. 3

    5:00 to 10:00

    Economy
    • Metal Extractor1Mex
    • Wind Turbine12Wind
    Builders
    • Construction Turret1 Con turret
    • Graverobber3 Graverobber
    • Construction Bot1 Con bot
    Army
    • Guard1 Guard
    • Thug11 Thug
    • Grunt1 Grunt

    Some games also: aggravator (42%) · Radar Tower (39%) · energy storage (37%) · Twin Guard (31%)

    By 10:00 in all: 6 mex · 16 wind · 2 con turret

    The example game in this phase · 45 steps
    1. Construction BotCon bot
    2. Con turret
    3. AggravatorAggravator
    4. Energy storage
    5. AggravatorAggravator ×2
    6. WardenWarden
    7. AggravatorAggravator ×2
    8. GraverobberGraverobber ×2
    9. WardenWarden
    10. Construction BotCon bot
    11. AggravatorAggravator ×3
    12. Con turret
    13. AggravatorAggravator ×2
    14. Construction BotCon bot
    15. AggravatorAggravator ×3
    16. WardenWarden
    17. AggravatorAggravator ×5
    18. Twin GuardTwin Guard ×2
    19. AggravatorAggravator ×2
    20. AgitatorAgitatordone 9:41
    21. CastroCastro
    22. GraverobberGraverobber
    23. Bot LabEat Bot Labreclaimed for its metal
    24. Converter
    25. Radar TowerRadar Tower
    26. Mex
    27. AgitatorAgitator
    28. BeholderBeholder
    29. Advanced Metal ExtractorT2 mexdone 11:07 · typical 9:59
    30. GuardGuard
    31. Advanced Metal ExtractorT2 mex
    32. Twin GuardTwin Guard
    33. GuardGuard
    34. Dragon's TeethDragon's Teeth ×10
    35. GuardGuard
    36. Dragon's TeethDragon's Teeth ×2
    37. Advanced Metal ExtractorT2 mex
    38. Dragon's TeethDragon's Teeth ×19
    39. GuardGuard
    40. Dragon's TeethDragon's Teeth ×4
    41. GuardGuard
    42. Dragon's TeethDragon's Teeth ×5
    43. Con turret
    44. Exploiter
    45. Dragon's TeethDragon's Teeth ×6

Counts are medians over the build's games: half of them build more, half fewer. The example game is DontStreamSnipeMeBro's (30 OS, 13/10/2026); pick another.

Team trades

IN AT LEAST 30% OF ITS GAMES

You hand over

Nothing regular.

You get

  • Tidal Generator4 Tidal from Pondfirst at 0:11 · in 69% of games
  • Advanced Construction Bot1 T2 con bot from Geo or Techfirst at 7:45 · in 55% of games

How it plays out

Typical game of this build, running totals by minute

Metal produced

010k20k
0:005:0010:0015:00

metal

Enemy metal destroyed

05k10k
0:005:0010:0015:00

metal

Own metal lost

05k10k
0:005:0010:0015:00

metal

1114 games.

Show as table
ByMetal produced: This buildEnemy metal destroyed: This buildOwn metal lost: This build
1:0033000
2:0094400
3:002036216172
4:003125732630
5:00427915411402
6:00546325172340
7:00663736383327
8:00782845684355
9:00894152995258
10:001020960156154
11:001156765596930
12:001313870187728
13:001475177538384
14:001637883418911
15:001776589649563
WHAT THE NUMBERS SAY

This baseline wins more often than most other roles' standard builds, with early aggression showing in high kills and losses alike.

  • + Team wins 54% of games, best winrate among the roles shown.
  • + First kill lands very early at 2:07 in all games.
  • − Own metal lost is heavy early, 1439 by 5:00.
  • − Enemy destroyed stays close to own losses through 15:00, a costly front.
THE EXAMPLE YOU ARE READING

DontStreamSnipeMeBro

30.2 OS · 13/10/2026

Open source match ↗

5 received units · includes a constructor
154 metal received · 17849 energy received

Allied construction assistance is unknown. Timings are observations, not a promise of solo reproducibility.

Typical milestones

Bot Lab0:37Middle 50%: 0:27–0:45 · n=1108
Advanced Metal Extractor9:59Middle 50%: 9:00–11:14 · n=696

Played most by

XXMACGAMERXX134games of this build_Hawkey_70games of this build_X_61games of this buildrealisticjo52games of this buildAbyssFalcon46games of this build